 Dungeon Crawl Stone Soup version 0.26.0-18-gc5c842f807 (webtiles) character file.

Game seed: 1944468882569604440

250 thiole the Sneak (level 6, -2/36 HPs)
             Began as an Octopode Hedge Wizard on Jan 23, 2021.
             Slain by an orc (3 damage)
             ... on level 3 of the Dungeon.
             The game lasted 00:02:05 (1652 turns).

thiole the Sneak (Octopode Hedge Wizard)            Turns: 1652, Time: 00:02:05

Health: -2/36      AC:  1    Str: 10    XL:     6   Next: 13%
Magic:  6/11       EV: 13    Int: 18    God:
Gold:   38         SH:  0    Dex: 11    Spells: 11/12 levels left

rFire    . . .     SeeInvis .   f - +1 dagger (vamp)
rCold    . . .     Faith    .   (no shield)
rNeg     . . .     Spirit   .   b - +0 hat
rPois    .         Reflect  .   (no amulet)
rElec    .         Harm     .   (no ring)
rCorr    .         Rampage  .   (no ring)
Will     .....                  (no ring)
Stlth    ++++......             (no ring)
HPRegen  0.12/turn              (no ring)
MPRegen  0.12/turn              (no ring)
                                (no ring)
                                (no ring)

@: no status effects
A: almost no armour, stealthy swim, amphibious, 8 rings, constrict 8, camouflage
1, gelatinous body 1
a: no special abilities


You were on level 3 of the Dungeon.
You visited 1 branch of the dungeon, and saw 3 of its levels.

You collected 38 gold pieces.

Inventory:

Hand Weapons
 a - a +0 dagger
 f - a +1 vampiric dagger (weapon)
Armour
 b - a +0 hat (worn)
Jewellery
 c - an uncursed amulet of reflection {unknown}
 e - a +4 ring of protection {unknown}
 l - an uncursed ring of flight
Scrolls
 g - 2 scrolls of identify {unknown}
 j - a scroll of immolation {unknown}
 k - a scroll of teleportation {unknown}
 m - a scroll of remove curse {unknown}
Potions
 d - 4 potions of lignification {unknown}
 h - a potion of resistance {unknown}
 i - 2 potions of curing {unknown}


   Skills:
 - Level 2.0 Dodging
 + Level 4.7 Stealth
 + Level 3.9 Spellcasting
 - Level 4.0 Conjurations
 - Level 2.0 Summonings
 - Level 1.0 Translocations


You had 11 spell levels left.
You knew the following spells:

 Your Spells              Type           Power        Failure   Level
a - Magic Dart            Conj           68%          3%          1

Your spell library contained the following spells:

 Spells                   Type           Power        Failure   Level
 Call Imp                 Summ           10%          10%         2
 Blink                    Tloc           N/A          14%         2
 Conjure Flame            Conj/Fire      10%          21%         3
 Slow                     Hex            3%           22%         2
 Mephitic Cloud           Conj/Pois/Air  8%           26%         3


Dungeon Overview and Level Annotations

Branches:
Dungeon (3/15)

Altars:
Xom


Innate Abilities, Weirdness & Mutations

You cannot wear most types of armour.
You are very stealthy in the water. (Stealth+)
You are amphibious.
You can wear up to eight rings at the same time.
You can use your tentacles to constrict eight enemies at once.
Your skin changes colour to match your surroundings (Stealth+).
Your rubbery body absorbs attacks. (AC +1, EV +1)


Message History

Your experience leads to an increase in your attributes!
Increase (s)trength, (i)ntelligence, or (d)exterity?
You feel clever.
The orc shouts!
The orc barely misses you.
You hit the orc but do no damage. You grab the orc. You constrict the orc.
The orc misses you.
You hit the orc but do no damage. You squeeze the orc.
The orc is moderately wounded.
You constrict the orc, but do no damage.
The orc hits you.
* * * LOW HITPOINT WARNING * * *
You hit the orc but do no damage.
The orc is moderately wounded.
You constrict the orc. The orc hits you.
* * * LOW HITPOINT WARNING * * *
You hit the orc but do no damage.
The orc is heavily wounded.
You constrict the orc. The orc hits you.
You die...

#.. # #.. ###.
#.# ...#####.#
.........######.
####.............
.................
#.....@o......
#...<.........
#.............
#.............
#.......).....
#.............
#.............
##############


You could see an orc.

Vanquished Creatures
  Grinder (D:3)
  An adder (D:2)
  3 oozes
  A worm (D:2)
  3 dart slugs (D:1)
  2 leopard geckos (D:2)
  3 bats
  3 giant cockroaches
  3 goblins
  A hobgoblin (D:1)
  3 jackals (D:1)
  5 kobolds
  A rat (D:2)
30 creatures vanquished.

Notes
Turn   | Place    | Note
-------+----------+-------------------------------------------
     0 | D:1      | thiole the Octopode Hedge Wizard began the quest for the
                  | Orb.
     0 | D:1      | Reached XP level 1. HP: 11/11 MP: 4/4
   122 | D:1      | Reached XP level 2. HP: 16/17 MP: 0/6
   517 | D:1      | Reached XP level 3. HP: 11/21 MP: 3/7
  1370 | D:2      | Found a shimmering altar of Xom.
  1386 | D:2      | Found a faded altar of an unknown god.
  1502 | D:2      | Reached XP level 4. HP: 27/27 MP: 6/8
  1636 | D:3      | Noticed Grinder
  1646 | D:3      | Killed Grinder
  1647 | D:3      | Reached XP level 5. HP: 9/31 MP: 5/10
  1647 | D:3      | Reached XP level 6. HP: 11/36 MP: 5/11
  1651 | D:3      | HP: 1/36 [orc (5)]
  1652 | D:3      | Slain by an orc

Illustrated notes

Levels and vault maps discovered:
D:1:      ebering_hopf_link, layout_basic
D:2:      layout_rooms, lemuel_coloured_pillars_altar, lemuel_crystal_altar,
          chequers_ecumenical_altar_simple
D:3:      minmay_roachtagon, layout_basic, vehumet_crystals, uniq_ijyb,
          uniq_grinder

Skill      XL: |  1  2  3  4 |
---------------+-------------+-----
Stealth        | 3 4 |  4.7
Conjurations   | 2 4 |  4.0
Summonings     | 2 |  2.0
Dodging        | |  2.0
Spellcasting   | |  3.9
Translocations | |  1.0

Action                   |  1- 3 |  4- 6 || total
-------------------------+-------+-------++-------
Melee: Dagger            |    24 |    16 ||    40
       Tentacles         |     4 |     7 ||    11
       Constrict         |     4 |     3 ||     7
 Cast: Magic Dart        |    68 |    14 ||    82
 Stab: Sleeping          |       |     1 ||     1
Dodge: Dodged            |    18 |     9 ||    27
